 Dungeon Crawl Stone Soup version 0.24-b1 (webtiles) character file.

Game seed: 1026495665345764050, levelgen mode: deterministic

1900 MisterOstroum the Chopper (level 9, -4/79 HPs)
             Began as a Hill Orc Warper on Oct 13, 2019.
             Was an Initiate of Beogh.
             Slain by a troll (9 damage)
             ... led by the wrath of Beogh
             ... on level 7 of the Dungeon.
             The game lasted 00:35:58 (7741 turns).

MisterOstroum the Chopper (Hill Orc Warper)         Turns: 7741, Time: 00:35:59

Health: -4/79      AC: 12    Str: 21    XL:     9   Next: 15%
Magic:  12/12      EV:  8    Int: 13    God:    Beogh [......]
Gold:   419        SH:  4    Dex: 10    Spells: 11/11 levels left

rFire    x . .     SeeInvis .   a - +1 dagger (elec)
rCold    x . .     Gourm    .   v - +0 buckler
rNeg     + + .     Faith    .   g - +0 chain mail
rPois    +         Spirit   .   (no helmet)
rElec    .         Reflect  .   (no cloak)
rCorr    .         Harm     .   j - +2 pair of gloves
MR       +....                  (no boots)
Stlth    ..........             (no amulet)
HPRegen  0.23/turn              H - ring of Psychosis {rPois rF- rC- rN++ Str+4}
MPRegen  0.13/turn              D - ring of protection from magic

@: very slow
A: no striking features
a: Renounce Religion


You were on level 7 of the Dungeon.
You worshipped Beogh.
Beogh was noncommittal.
You were not hungry.

You visited 2 branches of the dungeon, and saw 8 of its levels.

You collected 419 gold pieces.

Inventory:

Hand Weapons
 a - a +1 dagger of electrocution (weapon)
 b - a +0 hunting sling
 i - a +0 war axe
 u - a +0 hand axe
 E - a +0 battleaxe
Missiles
 c - 212 stones
 f - 5 boomerangs of dispersal {!f}
 y - 21 sling bullets
 G - 3 atropa-tipped darts (quivered)
Armour
 g - a +0 chain mail (worn)
 j - a +2 pair of gloves (worn)
 v - a +0 buckler (worn)
Jewellery
 D - a ring of protection from magic (right hand)
 H - the ring of Psychosis (left hand) {rPois rF- rC- rN++ Str+4}
   (You found it on level 6 of the Dungeon)

   [ring of poison resistance]

   It affects your strength (+4).
   It makes you vulnerable to fire.
   It makes you vulnerable to cold.
   It protects you from poison.
   It greatly protects you from negative energy.
Wands
 o - a wand of random effects (17)
 B - a wand of flame (2)
Scrolls
 d - 3 scrolls of blinking {@r4}
 l - 2 scrolls of remove curse {@r2}
 m - a scroll of amnesia {unknown}
 r - 2 scrolls of teleportation {@r3 !r}
 s - a scroll of enchant weapon {unknown}
 t - 2 scrolls of magic mapping
 w - 4 scrolls of fog {!r}
 x - 3 scrolls of enchant armour
 z - a scroll of random uselessness {unknown}
 I - a scroll of immolation {unknown}
 J - a scroll of identify {@r1}
Potions
 h - 2 potions of might {@q3 !q}
 k - a potion of agility {unknown}
 n - 2 potions of haste
 p - 2 potions of curing {@q1 !q}
 q - a potion of flight
 A - 2 potions of brilliance
 C - 2 potions of lignification
Comestibles
 e - 12 rations


   Skills:
 * Level 7.1 Fighting
 - Level 4.1 Short Blades
 - Level 7.2 Axes
 - Level 2.6(2.7) Slings
 - Level 0.8(1.8) Throwing
 * Level 4.4 Armour
 - Level 1.5 Dodging
 - Level 4.3 Shields
 - Level 1.5 Spellcasting
   Level 2.4 Translocations
 + Level 4.4 Invocations


You had 11 spell levels left.
You didn't know any spells.
Your spell library contained the following spells:

 Spells                   Type           Power        Failure   Level  Hunger
 Blink                    Tloc           N/A          80%         2    ###....
 Shroud of Golubria       Chrm/Tloc      #.....       91%         2    ###....
 Flame Tongue             Conj/Fire      #....        94%         1    ##.....
 Gell's Gravitas          Tloc           #.........   95%         3    ####...
 Lesser Beckoning         Tloc           #.........   95%         3    ####...
 Teleport Other           Tloc           #.......     95%         3    ####...
 Throw Flame              Conj/Fire      #.....       98%         2    ###....
 Conjure Flame            Conj/Fire      #.......     100%        3    ####...
 Inner Flame              Hex/Fire       #.......     100%        3    ####...
 Passage of Golubria      Tloc           N/A          100%        4    #####..
 Sticky Flame             Conj/Fire      #.......     100%        4    #####..
 Fireball                 Conj/Fire      #.........   100%        5    ######.


Dungeon Overview and Level Annotations

Branches:
Dungeon (7/15)             Temple (1/1) D:6

Altars:
Cheibriados
Elyvilon
Fedhas
Nemelex Xobeh
Qazlal
Sif Muna
Vehumet
The Shining One


Message History

The orc barely misses you.
You completely miss the orc. You block the orc warrior's attack.
The orc hits you.
The orc hits you with a +0 short sword of venom.
* * * LOW HITPOINT WARNING * * *
You hit the orc.
The orc is moderately wounded.
You barely miss the orc.
The orc is moderately wounded.
The orc hits you but does no damage.
The orc warlord roars a battlecry!
The orc warrior goes into a battle-frenzy!
The orc warrior hits you with a +0 flail!
* * * LOW HITPOINT WARNING * * *
The orc hits you but does no damage.
You completely miss the orc.
The orc is moderately wounded.
The orc barely misses you. The orc hits you but does no damage.
The orc warrior hits you with a +0 flail.
* * * LOW HITPOINT WARNING * * *
An orc comes into view. It is wielding a +0 flail.
Really read
r - 4 scrolls of teleportation {@r3 !r}?
As you read the scroll of teleportation {@r3 !r}, it crumbles to dust.
You feel strangely unstable.
The orc shouts!
The orc no longer looks unusually strong.
The orc warlord roars a battlecry!
The orc goes into a battle-frenzy!
You hear a shout!
The orc warrior no longer looks unusually strong.
The orc warlord roars a battlecry!
The orc warrior goes into a battle-frenzy!
The orc closely misses you.
Your surroundings suddenly seem different.
The orc warrior shouts!
You hear a shout!
The orc warrior is too close now for your liking.
Really read
r - 3 scrolls of teleportation {@r3 !r}?
As you read the scroll of teleportation {@r3 !r}, it crumbles to dust.
You feel strangely unstable.
Your surroundings suddenly seem different.
You start resting.
You are near starving!
You are starving!
You eat one of the 13 rations.
That ration really hit the spot!
HP restored.
G - 3 atropa-tipped darts (gained 2)
c - 212 stones (gained 1)
The orc warrior shouts!
The orc shouts! x2
The orc warlord is too close now for your liking.
There is a stone staircase leading up, spattered with blood here.
You climb upwards.
Hawl invokes the aid of Beogh against you.
Beogh smites you! The troll barely misses you.
The troll claws you but does no damage. x2; The orc warrior barely misses you.
There is a stone staircase leading down, spattered with blood here.
The orc hits you but does no damage. The troll bites you but does no damage.
You block the troll's attack. The troll claws you.
The orc warrior hits you with a +0 dire flail!
You climb downwards.
There is a stone staircase leading up, spattered with blood here.
The orc hits you but does no damage. The troll bites you but does no damage.
The troll barely misses you. The troll completely misses you.
The orc warrior hits you with a +0 dire flail!
You climb upwards.
The orc wizard casts a spell.
The orc wizard flickers and vanishes!
Deactivating autopickup; reactivate with Ctrl-A.
You block the orc's attack.
The orc warrior hits you with a +0 short sword!
There is a stone staircase leading down, spattered with blood here.
You bow before the missionary of Beogh.
You have lost your religion!
Cheibriados does not appreciate desertion!
Cheibriados continues to slow your movements.
Beogh welcomes you back!
You resume training Invocations.
The priest sneers, "Beogh may forgive you, but I don't!"
Hawl prays to Beogh.
The orc hits you but does no damage. The orc warrior barely misses you.
You block the orc's attack.
The orc warrior hits you but does no damage.
You climb downwards.
Reactivating autopickup.
You block the orc's attack.
The orc warrior hits you from afar with a +0 halberd!
There is a stone staircase leading up, spattered with blood here.
The orc hits you with a +0 mace. The troll bites you but does no damage.
The troll claws you. The troll claws you but does no damage.
The orc warrior hits you from afar with a +0 halberd!
* * * LOW HITPOINT WARNING * * *
The orc warrior hits you with a +0 short sword.
* * * LOW HITPOINT WARNING * * *
The troll bites you but does no damage. The troll barely misses you.
The troll claws you!
* * * LOW HITPOINT WARNING * * *
You block the troll's attack. x2; The troll barely misses you.
The troll bites you!
You die...
Beogh appreciates the troll's killing of a heretic priest.

## #.# #.# #.#
.#####.###.# #.#
..#........### #.#
..(..........# #.#
#.#.##.##<.#.# #.#
#.#.##.##....# #.#
#...##.##.#..####.#
##.o##......ooo...##
##..#####.#..##T@..#
.oo.# #.#...##.#.###
##o######.#..........#
##........#(#.(♣♣♣♣..#
##..#######.#..♣ ♣♣.#
##..# #.#..♣ ♣.#
##..#######>#..♣ ♣.#
............#..♣ ♣.#
o...##......)..♣♣♣♣♣.#


You could see a troll, 2 orc warriors and an orc.

Vanquished Creatures
  A hippogriff (D:7)
  Sigmund (D:3)
  Menkaure (D:5)
  A warg (D:6)
  An orc warrior (D:6)
  A sky beast (D:7)
  A phantom (D:5)
  4 ogres
  A centaur (D:6)
  A bullfrog (D:7)
  3 scorpions
  3 crimson imps
  A bullfrog skeleton (D:4)
  An orc priest (D:5)
  2 jellies
  3 hounds
  3 orc wizards
  A worker ant (D:4)
  10 adders
  6 gnolls
  A shadow imp (D:5)
  2 adder skeletons
  5 leopard geckos
  19 orcs
  10 giant cockroaches
  8 goblins
  6 hobgoblins
  3 jackals (D:4)
  7 kobolds
  2 quokkas (D:3)
  A ball python (D:2)
  9 bats
  5 frilled lizards
  2 hobgoblin zombies (D:4)
  A kobold skeleton (D:4)
  A kobold zombie (D:4)
  A leopard gecko skeleton (D:5)
  2 orc skeletons (D:4)
  An orc zombie (D:4)
  7 rats
139 creatures vanquished.

Vanquished Creatures (others)
  An orc priest (D:5)
  2 jackals (D:5)
3 creatures vanquished.

Grand Total: 142 creatures vanquished

Notes
Turn   | Place    | Note
-------+----------+-------------------------------------------
     0 | D:1      | MisterOstroum the Hill Orc Warper began the quest for the
                  | Orb.
     0 | D:1      | Reached XP level 1. HP: 18/18 MP: 3/3
   261 | D:1      | Reached XP level 2. HP: 24/25 MP: 4/4
   674 | D:1      | Reached XP level 3. HP: 30/30 MP: 5/5
  1122 | D:2      | Reached skill level 5 in Axes
  1433 | D:3      | Reached XP level 4. HP: 30/37 MP: 6/6
  1504 | D:3      | Noticed Sigmund
  1627 | D:3      | Killed Sigmund
  1627 | D:3      | Reached XP level 5. HP: 38/46 MP: 7/7
  1775 | D:3      | Reached XP level 6. HP: 46/52 MP: 8/8
  2641 | D:4      | Reached skill level 1 in Shields
  2839 | D:4      | Found a glowing golden altar of the Shining One.
  2853 | D:4      | Reached skill level 1 in Slings
  2873 | D:4      | Reached XP level 7. HP: 55/60 MP: 9/9
  3581 | D:5      | Entered Level 5 of the Dungeon
  3689 | D:5      | Noticed Menkaure
  3756 | D:5      | Killed Menkaure
  3756 | D:5      | Reached skill level 5 in Fighting
  3893 | D:5      | Became a worshipper of Beogh the Brigand
  4248 | D:5      | Reached skill level 1 in Short Blades
  4248 | D:5      | Reached XP level 8. HP: 69/69 MP: 10/10
  4252 | D:5      | Found a radiant altar of Vehumet.
  4749 | D:5      | Reached skill level 1 in Invocations
  5722 | D:6      | Found a staircase to the Ecumenical Temple.
  5737 | Temple   | Entered the Ecumenical Temple
  5752 | Temple   | Fell from the grace of Beogh
  5752 | Temple   | Became a worshipper of Cheibriados the Contemplative
  5947 | D:6      | Got a transparent pewter ring
  5948 | D:6      | Identified the ring of Psychosis {rPois rF- rC- rN++ Str+4}
                  | (You found it on level 6 of the Dungeon)
  6821 | D:7      | Noticed a hippogriff
  6839 | D:7      | Killed a hippogriff
  6839 | D:7      | Reached XP level 9. HP: 47/79 MP: 10/12
  6978 | D:7      | Noticed Brunolf
  7085 | D:7      | Noticed an orc warlord
  7358 | D:6      | Noticed Hawl
  7358 | D:6      | Noticed a troll
  7730 | D:6      | Fell from the grace of Cheibriados
  7730 | D:6      | Became a worshipper of Beogh the Brigand
  7731 | D:6      | Noticed an ice devil
  7741 | D:7      | Slain by a troll

Skill      XL: |  1  2  3  4  5  6  7  8 |
---------------+-------------------------+-----
Axes           | 3 4 5 7 |  7.2
Fighting       | 3 4 5 7 |  7.1
Shields        | 2 4 |  4.3
Slings         | 1 2 |  2.6
Short Blades   | 1 4 |  4.1
Invocations    | 4 |  4.4
Armour         | 4 |  4.4
Throwing       | |  0.8
Dodging        | |  1.5
Spellcasting   | |  1.5
Translocations | |  2.4

Action                   |  1- 3 |  4- 6 |  7- 9 || total
-------------------------+-------+-------+-------++-------
Melee: Hand axe          |    92 |    32 |       ||   124
       Dagger            |    85 |    71 |   293 ||   449
       War axe           |       |       |    13 ||    13
 Fire: Hunting sling     |       |    50 |    32 ||    82
Throw: Stone             |    66 |    26 |    42 ||   134
       Dart              |       |       |     2 ||     2
Invok: Convert to Beogh  |       |       |     2 ||     2
Evoke: Wand              |       |       |     4 ||     4
  Use: Scroll            |     6 |     1 |    11 ||    18
       Potion            |       |     1 |     3 ||     4
  Eat: Chunk             |     2 |     4 |    11 ||    17
       Ration            |       |       |     2 ||     2
Armor: Chain mail        |   158 |    86 |   166 ||   410
Dodge: Dodged            |    68 |    42 |    74 ||   184
Block: Buckler           |       |     7 |    64 ||    71
